 Dungeon Crawl Stone Soup version 0.17.1-3-g152610e (webtiles) character file.

485066 Arkorax the Politician (level 23, -7/209 HPs)
             Began as a Minotaur Berserker on May 1, 2016.
             Was the Champion of the Shining One.
             Mangled by a stone giant (47 damage)
             ... created by the rage of Trog
             ... on level 3 of the Abyss on May 2, 2016.
             The game lasted 02:02:27 (53345 turns).

Arkorax the Politician (Minotaur Berserker)        Turns: 53345, Time: 02:02:27

Health: -7/209     AC: 25    Str: 31 (34) XL:     23   Next: 77%
Magic:  0/29       EV: 19    Int:  6      God:    the Shining One [******]
Gold:   3305       SH:  5    Dex:  9 (10) Spells: 0 memorised, 22 levels left

rFire  + . .     SeeInvis +     z - +5 eudemon blade (holy)
rCold  + + .     Clarity  .     L - +5 robe of vines {NoDeviceHeal Regen+10}
rNeg   + + +     SustAt   .     P - +1 buckler {AC+3}
rPois  +         Gourm    .     R - +2 hat {SInv}
rElec  +         Spirit   +     w - +2 cloak of Weckui {Str+10 Int+4}
rCorr  .         Warding  .     b - +2 pair of gloves {Str+3}
rMut   .         Rnd*Tele +     f - +0 pair of boots of the Bagpipe {-Cast +Inv rElec MR++}
MR     +++..     NoCast   +     M - amulet of Eternity {Spirit rElec rC++ Int+2 Dex-3}
Stlth  ++........               X - ring "Naimedd" {rPois rF+ Int-4 Dex-2}
                                m - +3 ring of protection

@: glowing, extremely resistant to hostile enchantments, unstealthy
A: retaliatory headbutt, horns 2, agile 1, clumsy 2, screaming 1, slow
regeneration 2, teleportitis 1, weak 2
a: Divine Shield, Cleansing Flame, Summon Divine Warrior, Renounce Religion,
Evoke Invisibility
}: 2/15 runes: serpentine, silver


You were on level 3 of the Abyss.
You worshipped the Shining One.
The Shining One was exalted by your worship.
You were not hungry.

You visited 8 branches of the dungeon, and saw 41 of its levels.
You visited the Abyss 1 time.
You visited 2 bazaars.
You also visited: Labyrinth and Ice Cave.

You collected 6667 gold pieces.
You spent 3362 gold pieces at shops.

Inventory:

Hand Weapons
 z - a +5 eudemon blade of holy wrath (weapon)
 S - a +9 quick blade of holy wrath
Missiles
 j - 7 needles of confusion
Armour
 b - a +2 pair of gloves of strength (worn)
 f - the +0 pair of boots of the Bagpipe (worn) {-Cast +Inv rElec MR++}
   (You found it on level 2 of the Vaults)

   It insulates you from electricity.
   It affects your resistance to hostile enchantments.
   It lets you turn invisible.
   It prevents spellcasting.
 w - the +2 cloak of Weckui (worn) {Str+10 Int+4}
   (You found it on level 3 of the Snake Pit)

   It affects your strength (+10).
   It affects your intelligence (+4).
 L - the +5 robe of vines (worn) {NoDeviceHeal Regen+10}
   (You took it off a salamander stormcaller on level 5 of the Vaults)

   It increases your rate of regeneration.
 P - a +1 buckler of protection (worn)
 R - a +2 hat of see invisible (worn)
Jewellery
 m - a +3 ring of protection (left hand)
 M - the amulet of Eternity (around neck) {Spirit rElec rC++ Int+2 Dex-3}
   (You found it on level 5 of the Vaults)

   [amulet of guardian spirit]

   It causes incoming damage to be split between your health and magic.
   It affects your intelligence (+2).
   It affects your dexterity (-3).
   It greatly protects you from cold.
   It insulates you from electricity.
 X - the ring "Naimedd" (right hand) {rPois rF+ Int-4 Dex-2}
   (You found it on level 1 of the Vaults)

   [ring of dexterity]

   It affects your intelligence (-4).
   It affects your dexterity (-2).
   It protects you from fire.
   It protects you from poison.
Wands
 k - a wand of digging (16)
 r - a wand of teleportation (3)
 y - a wand of fire (10)
 A - a wand of polymorph (17)
 C - a wand of cold (9)
 D - a wand of digging (9)
 G - a wand of fire (5)
 J - a wand of cold (11)
 O - a wand of disintegration (0)
Scrolls
 a - 3 scrolls of fog
 d - 2 scrolls of brand weapon
 h - 3 scrolls of blinking
 l - 5 scrolls of recharging
 o - 20 scrolls of remove curse
 p - 6 scrolls of teleportation
 x - 3 scrolls of magic mapping
 E - 5 scrolls of fear
 F - a scroll of summoning
 Q - 5 scrolls of identify
 Y - 2 scrolls of silence
Potions
 e - 3 potions of heal wounds
 g - a potion of agility
 i - 6 potions of ambrosia
 n - a potion of berserk rage
 s - 2 potions of flight
 v - 13 potions of curing
 H - a potion of might
 N - 2 potions of cancellation
 T - 2 potions of haste
 W - 3 potions of brilliance
 Z - 3 potions of resistance
Books
 K - a book of Burglary

   Spells                             Type                      Level
   a - Swiftness                      Charms/Air                   2
   b - Passwall                       Transmutation/Earth          3
   c - Passage of Golubria            Translocation                4
   d - Lee's Rapid Deconstruction     Earth                        5
   e - Darkness                       Hexes                        6
   f - Invisibility                   Hexes                        6
Miscellaneous
 c - a phial of floods
 B - a fan of gales
Comestibles
 q - 6 bread rations
 t - 5 meat rations
 u - 5 slices of pizza
 I - 2 royal jellies
 U - 5 beef jerkies
 V - 19 fruits


   Skills:
 - Level 17.8 Fighting
 O Level 27 Short Blades
 - Level 7.2(20.9) Long Blades
   Level 13.4 Bows
 - Level 13.8 Armour
 + Level 18.3 Dodging
 - Level 9.0 Stealth
 - Level 4.0 Shields
 - Level 9.9 Evocations


You had 22 spell levels left.
You didn't know any spells.

Dungeon Overview and Level Annotations

Branches:
Dungeon (15/15)            Temple (1/1) D:5            Lair (8/8) D:10
 Shoals (0/4) Lair:4        Snake (4/4) Lair:4        Slime (0/6) Lair:8
    Orc (4/4) D:11            Elf (0/3) Orc:4        Vaults (5/5) D:14
  Crypt (3/3) Vaults:2     Depths (1/5) D:15
   Tomb: Crypt:3

Altars:
Ashenzari
Cheibriados
Dithmenos
Elyvilon
Fedhas
Gozag
Kikubaaqudgha
Makhleb
Nemelex Xobeh
Okawaru
Qazlal
Ru
Sif Muna
Trog
Vehumet
Xom
Yredelemnul
Zin
The Shining One
Beogh

Shops:
D:4 (   D:6 }   D:9 [   D:14 ?   Orc:4 :?*[***[   Snake:1 }:!   Vaults:2 *?[}
Vaults:4 %

Portals:
Pandemonium: Depths:1
Trove: D:11 (give 2 scrolls of acquirement)


Innate Abilities, Weirdness & Mutations

You reflexively headbutt those who attack you in melee.
You have a pair of horns on your head.
You are agile. (Dex +2)
[You are very clumsy. (Dex -4)]
[You occasionally shout uncontrollably at your foes.]
[You do not regenerate naturally when monsters are visible.]
[You are occasionally teleported next to monsters.]
[You are very weak. (Str -4)]


Message History

The stone giant hits you!!!
* * * LOW HITPOINT WARNING * * *
The freezing wraith completely misses you.
You furiously retaliate!
You headbutt the freezing wraith, but do no damage.
The freezing wraith completely misses you.
You hear a bark!
You are too injured to fight recklessly!
The stone giant hits you but does no damage.
A small abomination comes into view.
You hit the stone giant.
You headbutt the stone giant, but do no damage.
The stone giant is lightly wounded.
You slash the stone giant! You headbutt the stone giant!
The stone giant is lightly wounded.
The stone giant misses you.
You slash the stone giant!
The stone giant is moderately wounded.
The stone giant hits you!!!
You die...

... ..#.
...# #.. ...
###.# # #
#.###.##.# .
#..†#@.# ..
.#C####.....
.# #..X...#
#.X##.#.####
##x#.###
#.## ....#h.
# .#..#
..##.#....#
. # #
#.##...... #
. .##§#.#..
.. . .


You could see a stone giant (berserk), a tentacled starspawn and a small
abomination.

Vanquished Creatures
  Mennas (Vaults:5)
  3 golden dragons
  A profane servitor (Abyss:1)
  3 bone dragons
  Jorgrun (Crypt:3)
  4 tentacled monstrosities
  A quicksilver dragon (Vaults:5)
  3 titans
  The ghost of Zeloya the Unseen, an adept KoGl of Okawaru (Snake:4)
  8 tentacled starspawn
  Gastronok (Lair:2)
  22 large abominations
  2 storm dragons
  4 shadow dragons
  4 tengu reavers (Vaults:5)
  A sphinx (Vaults:5)
  2 revenants
  5 fire giants
  6 frost giants
  8 greater nagas
  Donald (Snake:2)
  7 vault wardens
  Maud (Orc:3)
  2 deep elf sorcerers
  An angel (Abyss:2)
  Aizul (Snake:3)
  A balrug (Abyss:1)
  An orc warlord (Orc:4)
  A cacodemon (Abyss:2)
  2 curse skulls
  An emperor scorpion (shapeshifter) (Vaults:5)
  3 war gargoyles
  4 ghouls (Crypt:2)
  13 ironheart preservers
  10 stone giants
  2 very ugly things
  23 small abominations
  The ghost of Starve the Fighter, a journeyman OgGl of the Shining One (IceCv)
  A purple draconian (Abyss:2)
  3 vampire knights
  2 deep elf annihilators
  A lorocyproca (Abyss:2)
  A salamander stormcaller (Vaults:5)
  3 deep elf demonologists
  7 ettins
  3 eidola
  Snorg (D:12)
  7 yaktaur captains
  4 deep elf death magi
  33 vault guards
  6 jiangshi
  2 fire dragons
  A minotaur (Lab)
  A deep elf high priest (Vaults:5)
  2 entropy weavers
  A great orb of eyes (Vaults:1)
  19 naga warriors
  3 ice dragons
  4 rakshasas
  3 death knights
  7 hydras
  11 ogre magi
  The ghost of NTAmi the Covert, a journeyman SpAs of Nemelex Xobeh (D:13)
  7 anacondas
  A deep troll shaman (D:14)
  7 centaur warriors
  14 thrashing horrors
  A deep troll earth mage (Vaults:3)
  20 death yaks
  2 catoblepae (Lair:8)
  3 hell hogs (Abyss:1)
  6 vampire magi
  19 naga sharpshooters
  7 hell knights
  2 soul eaters
  4 shock serpents
  2 iron trolls
  2 fire crabs (Vaults:4)
  6 wretched stars
  2 shadow wraiths
  A salamander mystic (Snake:1)
  21 skeletal warriors
  2 spatial maelstroms
  2 giant orange brains
  3 wizards
  3 anaconda zombies (Crypt:3)
  A deep troll (shapeshifter) (Vaults:2)
  A sun demon (Abyss:1)
  An ice devil (Abyss:1)
  14 deep trolls
  3 deep elf knights
  5 flayed ghosts
  A ghost moth zombie (Abyss:1)
  A death drake (Abyss:1)
  13 naga ritualists
  15 ironbrand convokers
  A harpy (shapeshifter) (D:13)
  18 hill giants
  9 unseen horrors
  2 golden dragon skeletons
  Pikel (D:4)
  4 harpies
  An anaconda skeleton (Crypt:2)
  30 ugly things
  7 phantasmal warriors
  A deep elf conjurer (Vaults:5)
  3 necromancers
  5 mana vipers
  12 orc knights
  A wolf spider zombie (Abyss:2)
  8 orc sorcerers
  10 griffons
  A water nymph (shapeshifter) (Vaults:1)
  2 wolf spiders
  3 cyclopes
  A frost giant zombie (Vaults:3)
  11 elephants
  A sixfirhy (Abyss:2)
  4 hornets
  A manticore (shapeshifter) (Vaults:4)
  6 salamanders
  3 centaur zombies
  2 worldbinders (Abyss:1)
  2 sirens (Lair:4)
  4 apocalypse crabs
  2 frost giant skeletons
  27 naga magi
  16 vault sentinels
  A stone giant skeleton (Crypt:3)
  An eye of devastation (Abyss:2)
  37 black mambas
  A fire giant skeleton (Vaults:3)
  3 torpor snails
  4 guardian serpents
  5 smoke demons
  A kobold demonologist (Vaults:3)
  An orange demon (Abyss:2)
  A yaktaur zombie (Depths:1)
  5 gargoyles
  2 dire elephant skeletons
  A catoblepas zombie (Crypt:3)
  17 yaktaurs
  2 centaur skeletons
  A fire drake (shapeshifter) (Vaults:4)
  A hellion (Abyss:3)
  6 freezing wraiths
  21 spiny frogs
  4 fire drakes
  A yaktaur (shapeshifter) (D:15)
  A hydra zombie (Crypt:2)
  8 deep elf priests
  3 red devils
  6 trolls
  6 ancient zymes
  4 efreet
  12 komodo dragons
  11 polar bears
  2 hellwings (Abyss:1)
  A tengu conjurer (D:14)
  A demonic crawler (Abyss:2)
  A harpy zombie (Crypt:1)
  28 blink frogs
  A jumping spider (Vaults:3)
  A merfolk (Lair:4)
  A trapdoor spider zombie (D:13)
  Grinder (D:3)
  4 boulder beetles
  2 harpy skeletons
  20 slime creatures
  A troll (shapeshifter) (D:13)
  2 hydra skeletons (Crypt:3)
  12 raiju
  A raiju (shapeshifter) (Vaults:5)
  20 two-headed ogres
  A fire dragon zombie (Crypt:3)
  2 bog bodies (Crypt:2)
  5 shadows
  7 flying skulls
  2 tarantellas
  5 ynoxinuls
  2 ettin skeletons
  56 yaks
  12 redbacks
  A spriggan (Lair:4)
  A wyvern (Lair:5)
  A hippogriff (shapeshifter) (Vaults:4)
  A trapdoor spider (D:14)
  8 deep elf magi
  5 deep elf fighters
  A human simulacrum (Vaults:1)
  8 vampires
  3 wraiths
  4 neqoxecs
  A giant leech zombie (Crypt:1)
  A basilisk (shapeshifter) (Abyss:3)
  A human (shapeshifter) (Vaults:5)
  10 hippogriffs
  25 vampire mosquitoes
  14 wargs
  11 basilisks
  29 wolves
  4 spatial vortices
  4 chaos spawn
  A wind drake skeleton (Crypt:1)
  Edmund (D:5)
  2 hungry ghosts
  49 nagas
  3 mottled dragons
  25 orc warriors
  8 porcupines
  23 water moccasins
  A wasp (D:13)
  30 starcursed masses
  9 black bears
  An elephant zombie (Crypt:1)
  A phantom (D:5)
  4 slaves (D:4)
  12 ice beasts
  42 ogres
  An ice dragon simulacrum (Abyss:3)
  5 sky beasts
  9 boggarts
  2 eyes of draining (Abyss:2)
  11 crocodiles
  A snapping turtle zombie (Crypt:3)
  A swamp dragon skeleton (Crypt:2)
  12 centaurs
  A centaur (shapeshifter) (Vaults:2)
  9 necrophages
  A vine stalker zombie (Crypt:2)
  A brain worm (Abyss:1)
  5 big kobolds
  An elf skeleton (Crypt:2)
  A human skeleton (Vaults:3)
  11 giant frogs
  3 wyvern skeletons
  2 earth elementals (Abyss:1)
  3 scorpions
  A queen bee zombie (Crypt:1)
  5 killer bees (D:10)
  A spriggan skeleton (Crypt:2)
  6 quasits
  2 electric eels (Lair:6)
  16 wights
  A giant frog zombie (D:12)
  18 orc priests
  5 crimson imps
  6 jellies
  6 hounds
  4 iron imps
  11 worker ants
  5 hell rats (Lair:7)
  Natasha (thrice) (D:3)
  A gnoll shaman (D:4)
  9 iguanas
  A porcupine skeleton (Crypt:1)
  43 orc wizards
  An ogre zombie (Crypt:3)
  14 sheep
  An elf simulacrum (Vaults:1)
  A hound skeleton (D:5)
  Robin (D:2)
  16 gnolls
  51 river rats
  12 adders
  17 white imps
  9 shadow imps
  3 ufetubi
  4 oozes
  2 adder zombies (D:5)
  2 worms (D:3)
  An adder skeleton (D:5)
  165 orcs
  4 ball pythons
  7 bats
  7 giant cockroaches
  10 hobgoblins
  11 quokkas
  A giant cockroach zombie (D:5)
  4 giant geckos
  6 giant newts
  A giant newt skeleton (Crypt:1)
  14 goblins
  6 jackals
  A jackal skeleton (D:6)
  22 kobolds
  A kobold zombie (Abyss:3)
  An orc zombie (Crypt:3)
  A quokka zombie (D:6)
  8 rats
  A river rat skeleton (Crypt:2)
  A fungus (Lair:4)
  2 plants (Lair:8)
  13 starspawn tentacles
2023 creatures vanquished.

Vanquished Creatures (collateral kills)
  A greater naga (Snake:4)
  A vault warden (Vaults:5)
  An ironheart preserver (Vaults:5)
  A deep elf demonologist (Vaults:5)
  A vault guard (Vaults:4)
  An ettin (Vaults:5)
  A yaktaur captain (Vaults:5)
  A naga warrior (Snake:3)
  A catoblepas (Lair:8)
  An anaconda (Snake:4)
  5 death yaks
  3 naga magi (Snake:2)
  A mana viper (Snake:2)
  A siren (Lair:4)
  3 black mambas
  A merfolk (Lair:4)
  3 yaks (Lair:8)
  A water moccasin (Lair:3)
  5 nagas
  3 river rats (Lair:3)
  A white imp (Depths:1)
37 creatures vanquished.

Vanquished Creatures (others)
  A golden dragon (Vaults:5)
  A fire dragon (Vaults:4)
  An ogre (Vaults:5)
  A small abomination (Abyss:2)
  A jelly (D:14)
  20 fungi
  7 lost souls
  2 lurking horrors
  17 plants
  12 starspawn tentacles
  118 starspawn tentacle segments
181 creatures vanquished.

Grand Total: 2241 creatures vanquished

Notes
Turn   | Place    | Note
--------------------------------------------------------------
     0 | D:1      | Arkorax the Minotaur Berserker began the quest for the Orb.
     0 | D:1      | Reached XP level 1. HP: 19/19 MP: 0/0
   240 | D:1      | Reached XP level 2. HP: 16/27 MP: 1/1
   537 | D:1      | Found a shattered altar of Ashenzari.
   559 | D:1      | Reached skill level 4 in Short Blades
   561 | D:1      | Reached ** piety under Trog
   589 | D:1      | Reached XP level 3. HP: 33/33 MP: 2/2
   913 | D:2      | Found a bloodstained altar of Trog.
   975 | D:2      | Noticed Robin
   996 | D:2      | Killed Robin
  1149 | D:2      | Reached XP level 4. HP: 40/40 MP: 3/3
  1413 | D:2      | You fall through a shaft!
  1429 | D:3      | Noticed Grinder
  1442 | D:3      | Killed Grinder
  1442 | D:3      | Reached skill level 5 in Short Blades
  1442 | D:3      | Reached XP level 5. HP: 47/47 MP: 4/4
  1442 | D:3      | Reached XP level 6. HP: 55/55 MP: 5/5
  1529 | D:3      | Reached skill level 6 in Short Blades
  1534 | D:3      | Noticed Natasha
  1538 | D:3      | Reached *** piety under Trog
  1538 | D:3      | Reached skill level 5 in Fighting
  1543 | D:3      | Killed Natasha
  1656 | D:3      | Noticed Natasha
  1659 | D:3      | Killed Natasha
  1914 | D:3      | Noticed Natasha
  1916 | D:3      | Killed Natasha
  1961 | D:3      | Found a faded altar to an unknown god.
  2172 | D:4      | Reached **** piety under Trog
  2172 | D:4      | Reached skill level 5 in Armour
  2175 | D:4      | Reached skill level 7 in Short Blades
  2175 | D:4      | Reached XP level 7. HP: 45/61 MP: 6/6
  2290 | D:4      | Found Loabb's Antique Weapon Emporium.
  2431 | D:4      | Noticed Pikel
  2456 | D:4      | Paralysed by Pikel for 5 turns
  2488 | D:4      | Killed Pikel
  2488 | D:4      | Reached skill level 8 in Short Blades
  2488 | D:4      | Reached XP level 8. HP: 65/70 MP: 7/7
  2535 | D:4      | Found a shadowy altar of Dithmenos.
  2886 | D:5      | Entered Level 5 of the Dungeon
  3137 | D:5      | Noticed Edmund
  3158 | D:5      | Killed Edmund
  3290 | D:5      | Reached skill level 9 in Short Blades
  3447 | D:5      | Found a staircase to the Ecumenical Temple.
  3817 | D:6      | Found an opulent altar of Gozag.
  3921 | D:6      | Reached XP level 9. HP: 66/79 MP: 8/8
  3922 | D:6      | Found a snail-covered altar of Cheibriados.
  4000 | D:6      | Reached ***** piety under Trog
  4071 | D:6      | Found Tivemot's Gadget Boutique.
  4547 | D:7      | Reached skill level 10 in Short Blades
  4698 | D:7      | Found a deep blue altar of Sif Muna.
  4723 | D:7      | Found a sacrificial altar of Ru.
  5481 | D:8      | Reached skill level 1 in Bows
  5879 | D:8      | Reached skill level 11 in Short Blades
  6029 | D:8      | Noticed a three-headed hydra
  6039 | D:8      | Killed a three-headed hydra
  6039 | D:8      | Reached XP level 10. HP: 69/91 MP: 9/9
  6338 | D:9      | Reached skill level 5 in Bows
  6441 | D:9      | Found Suer's Antique Armour Shoppe.
  6488 | D:9      | Received a gift from Trog
  6537 | D:9      | Found a basalt altar of Yredelemnul.
  7041 | D:10     | Entered Level 10 of the Dungeon
  7051 | D:10     | Found a staircase to the Lair.
  7051 | D:10     | Noticed an elephant
  7076 | D:10     | Killed an elephant
  7076 | D:10     | Reached skill level 12 in Short Blades
  7565 | D:10     | Reached skill level 5 in Dodging
  8109 | D:11     | Reached skill level 10 in Fighting
  8122 | D:11     | Noticed a four-headed hydra
  8131 | D:11     | Killed a four-headed hydra
  8131 | D:11     | Reached XP level 11. HP: 99/99 MP: 10/10
  8351 | D:11     | Noticed a hill giant
  8378 | D:11     | Killed a hill giant
  8388 | D:11     | Reached skill level 13 in Short Blades
  8399 | D:11     | Found a staircase to the Orcish Mines.
  8560 | D:11     | Found a portal to a secret trove of treasure.
  8706 | D:11     | Noticed a hill giant
  8763 | D:11     | Killed a hill giant
  9188 | Lair:1   | Entered Level 1 of the Lair of Beasts
  9202 | Lair:1   | Got a brightly glowing scale mail
  9247 | Lair:1   | Found a labyrinth entrance.
  9256 | Lab      | Entered a labyrinth
  9377 | Lab      | Noticed a minotaur
  9387 | Lab      | Killed a minotaur
  9429 | Lab      | Got a serpentine copper ring
  9434 | Lab      | Identified the Guide on Vitriolic Cold (You found it in a labyrinth)
  9450 | Lab      | Identified the cursed +1 scale mail of the Moon {rPois MR- Regen+ Dex+4} (You found it on level 1 of the Lair of Beasts)
  9490 | Lab      | Identified the ring "Uviwkul" {+/*Tele Int+2} (You found it in a labyrinth)
  9597 | Lair:1   | Reached ****** piety under Trog
  9840 | Lair:1   | HP: 7/151 [poisoned by a spiny frog]
  9843 | Lair:1   | HP: 3/101 [poisoned by a spiny frog]
  9844 | Lair:1   | HP: 1/101 [poisoned by a spiny frog]
 10519 | Lair:2   | Received a gift from Trog
 10519 | Lair:2   | Reached skill level 14 in Short Blades
 10864 | Lair:2   | Identified a scroll of acquirement
 10893 | Lair:2   | Noticed Gastronok
 10931 | Lair:2   | Killed Gastronok
 10931 | Lair:2   | Reached XP level 12. HP: 110/110 MP: 11/11
 11471 | Lair:2   | Reached skill level 10 in Dodging
 11825 | Lair:3   | Noticed an eight-headed hydra
 11834 | Lair:3   | Killed an eight-headed hydra
 11834 | Lair:3   | Received a gift from Trog
 11834 | Lair:3   | Reached skill level 15 in Short Blades
 12045 | Lair:3   | Noticed an eight-headed hydra
 12061 | Lair:3   | Killed an eight-headed hydra
 12373 | Lair:3   | Reached XP level 13. HP: 119/119 MP: 12/12
 12597 | Lair:4   | Got a warped leather armour
 12608 | Lair:4   | Identified the cursed +0 leather armour of Kuthufui {-Tele rElec Dex+4 Stlth+} (You found it on level 4 of the Lair of Beasts)
 12659 | Lair:4   | Received a gift from Trog
 13274 | Lair:4   | Found a staircase to the Snake Pit.
 13306 | Lair:4   | Found a staircase to the Shoals.
 14647 | Lair:6   | Received a gift from Trog
 14650 | Lair:6   | Got a smoking shortbow {god gift}
 14651 | Lair:6   | Identified the +1 shortbow of Idealism {flame, rPois rN+} (Trog gifted it to you on level 6 of the Lair of Beasts)
 15630 | Lair:7   | Reached XP level 14. HP: 130/130 MP: 13/13
 15871 | Lair:7   | Reached skill level 10 in Bows
 16145 | Lair:7   | Got a pair of brightly glowing boots
 16156 | Lair:7   | Identified the +0 pair of boots of Nedeizxi {rC+ MP-9 Str+2} (You found it on level 7 of the Lair of Beasts)
 16363 | Lair:8   | Entered Level 8 of the Lair of Beasts
 16437 | Lair:8   | Received a gift from Trog
 16969 | Lair:8   | Found a snail-covered altar of Cheibriados.
 17014 | Lair:8   | Found a staircase to the Slime Pits.
 18245 | Lair:7   | Received a gift from Trog
 18492 | Lair:6   | Reached skill level 15 in Fighting
 18528 | Lair:6   | Reached XP level 15. HP: 42/141 MP: 14/14
 19115 | D:12     | Gained mutation: You are agile. (Dex +2) [potion of beneficial mutation]
 19566 | D:12     | Noticed Snorg
 19580 | D:12     | Killed Snorg
 19966 | D:13     | Received a gift from Trog
 20233 | D:13     | Noticed NTAmi's ghost (journeyman SpAs)
 20246 | D:13     | Killed NTAmi's ghost
 20797 | D:14     | Reached skill level 1 in Shields
 20852 | D:14     | Reached skill level 1 in Stealth
 20933 | D:14     | Reached skill level 16 in Short Blades
 21949 | D:9      | Bought the +4 robe of Night {+Inv MR+ SInv Stlth+} for 1277 gold pieces
 22199 | D:14     | Found Imotaste's Magic Scroll Shoppe.
 22328 | D:14     | Found a gate to the Vaults.
 22694 | D:14     | Found an iron altar of Okawaru.
 22748 | D:15     | Entered Level 15 of the Dungeon
 22819 | D:15     | Reached skill level 1 in Evocations
 22844 | D:15     | Found an ancient bone altar of Kikubaaqudgha.
 23497 | D:15     | Found a staircase to the Depths.
 23637 | D:15     | Received a gift from Trog
 23963 | D:15     | Reached skill level 5 in Stealth
 23963 | D:15     | Reached XP level 16. HP: 144/149 MP: 5/17
 24287 | Orc:1    | Entered Level 1 of the Orcish Mines
 24467 | Orc:1    | Found a roughly hewn altar of Beogh.
 24571 | Orc:1    | Found a roughly hewn altar of Beogh.
 25288 | Orc:3    | Noticed Maud
 25307 | Orc:3    | Killed Maud
 25470 | Orc:3    | Found a frozen archway.
 25470 | Orc:3    | Found a burning altar of Makhleb.
 25490 | Orc:3    | Received a gift from Trog
 25509 | IceCv    | Entered an ice cave
 25509 | IceCv    | Noticed Starve's ghost (journeyman OgGl)
 25558 | IceCv    | Killed Starve's ghost
 25911 | Orc:4    | Entered Level 4 of the Orcish Mines
 25949 | Orc:4    | Found Xutteisoe's General Store.
 25972 | Orc:4    | Found a flickering gateway to a bazaar.
 25990 | Bazaar   | Entered a bazaar
 26003 | Bazaar   | Found Saeto's Antique Armour Shoppe.
 26015 | Bazaar   | Found Jughyuf's Antique Weapon Shoppe.
 26036 | Bazaar   | Found Ifobbuim's Distillery.
 26048 | Bazaar   | Found Buapuec's Book Emporium.
 26066 | Bazaar   | Bought 2 potions of experience for 600 gold pieces
 26066 | Bazaar   | Reached skill level 5 in Evocations
 26066 | Bazaar   | Reached XP level 17. HP: 156/156 MP: 6/20
 26067 | Bazaar   | Reached XP level 18. HP: 163/163 MP: 6/22
 26312 | Orc:4    | Found a roughly hewn altar of Beogh.
 26445 | Orc:4    | Found Untet's Assorted Antiques.
 26461 | Orc:4    | Received a gift from Trog
 26475 | Orc:4    | Bought a scroll labeled ORUASI POESIM for 24 gold pieces
 26475 | Orc:4    | Bought a scroll labeled EPABRECHEU for 24 gold pieces
 26486 | Orc:4    | Found Eschemem's Assorted Antiques.
 26565 | Orc:4    | Found Gompyabe's Magic Scroll Shoppe.
 26593 | Orc:4    | Found Ozynohad's Book Shop.
 26740 | Orc:4    | Found Guavy's Armour Shop.
 26874 | Orc:4    | Found Cayd's Armour Shop.
 27137 | Orc:4    | Found Wipp's General Store.
 27139 | Orc:4    | Found a staircase to the Elven Halls.
 27233 | Orc:4    | Received a gift from Trog
 27752 | Depths:1 | Entered Level 1 of the Depths
 27785 | Depths:1 | Found a one-way gate leading to the halls of Pandemonium.
 29488 | D:14     | Bought a scroll of enchant weapon for 127 gold pieces
 29731 | Snake:1  | Entered Level 1 of the Snake Pit
 29976 | Snake:1  | Found Hischahue's Gadget Boutique.
 30102 | Snake:1  | Reached skill level 17 in Short Blades
 30307 | Snake:1  | Found Titomylif's Book Emporium.
 30599 | Snake:1  | Found Guxtuhomyt's Distillery.
 32237 | Lair:6   | Received a gift from Trog
 32390 | Snake:2  | Reached skill level 1 in Long Blades
 32404 | Snake:2  | Noticed Donald
 32425 | Snake:2  | Killed Donald
 32602 | Snake:2  | Your ally Donald died
 33146 | Snake:2  | Reached skill level 5 in Long Blades
 33718 | Snake:2  | Received a gift from Trog
 34290 | Snake:2  | Reached XP level 19. HP: 147/174 MP: 25/25
 34452 | Snake:3  | Found a flickering gateway to a bazaar.
 34460 | Bazaar   | Entered a bazaar
 34662 | Bazaar   | Found Lamoas's Gadget Emporium.
 34692 | Bazaar   | Found Ronnojyarr's Magic Scroll Boutique.
 34769 | Bazaar   | Found Lezierch's Book Emporium.
 34799 | Bazaar   | Found Xeiseih's Magic Scroll Emporium.
 35191 | Bazaar   | Bought a scroll of brand weapon for 320 gold pieces
 35191 | Bazaar   | Bought a scroll of enchant weapon for 120 gold pieces
 35329 | Snake:3  | Noticed Aizul
 35359 | Snake:3  | Killed Aizul
 35823 | Snake:3  | Got a bloodstained cloak
 35829 | Snake:3  | Identified the +2 cloak of Weckui {Str+10 Int+4} (You found it on level 3 of the Snake Pit)
 36048 | Snake:4  | Entered Level 4 of the Snake Pit
 36101 | Snake:4  | Received a gift from Trog
 36595 | Snake:4  | Reached skill level 10 in Armour
 36893 | Snake:4  | Noticed Zeloya's ghost (adept KoGl)
 36958 | Snake:4  | Killed Zeloya's ghost
 36986 | Snake:4  | Reached skill level 18 in Short Blades
 36989 | Snake:4  | Received a gift from Trog
 37396 | Snake:4  | Got a serpentine rune of Zot
 37408 | Snake:4  | Received a gift from Trog
 37933 | Vaults:1 | Entered Level 1 of the Vaults
 38119 | Vaults:1 | Received a gift from Trog
 38844 | Vaults:1 | Received a gift from Trog
 38958 | Vaults:1 | Got an ancient granite ring
 38960 | Vaults:1 | Identified the cursed ring "Naimedd" {rPois rF+ Int-4 Dex-2} (You found it on level 1 of the Vaults)
 39407 | Vaults:2 | Found Boaceo's Antique Armour Shoppe.
 39417 | Vaults:2 | Found Avikka's Magic Scroll Emporium.
 39423 | Vaults:2 | Bought a scroll of enchant weapon for 135 gold pieces
 39456 | Vaults:2 | Found Vitreatu's Gadget Shop.
 39503 | Vaults:2 | Found a staircase to the Crypt.
 39527 | Vaults:2 | Reached XP level 20. HP: 185/185 MP: 26/26
 39798 | Vaults:2 | Got a pair of pitted boots
 39809 | Vaults:2 | Identified the +0 pair of boots of the Bagpipe {-Cast +Inv rElec MR++} (You found it on level 2 of the Vaults)
 39828 | Vaults:2 | Reached skill level 19 in Short Blades
 39868 | Vaults:2 | Found Abrur's General Store.
 40016 | Vaults:2 | Received a gift from Trog
 40156 | Vaults:2 | Received a gift from Trog
 41060 | Vaults:3 | Received a gift from Trog
 41209 | Vaults:3 | Reached skill level 20 in Short Blades
 41350 | Vaults:3 | Received a gift from Trog
 41691 | Vaults:3 | Lost intelligence.
 42065 | Vaults:4 | Received a gift from Trog
 42348 | Vaults:4 | Received a gift from Trog
 42413 | Vaults:4 | Reached skill level 21 in Short Blades
 42921 | Vaults:4 | Reached XP level 21. HP: 184/193 MP: 27/27
 43149 | Vaults:4 | Found Diles's Food Boutique.
 43157 | Vaults:4 | Bought a bread ration for 60 gold pieces
 43157 | Vaults:4 | Bought a bread ration for 60 gold pieces
 43157 | Vaults:4 | Bought a bread ration for 60 gold pieces
 43157 | Vaults:4 | Bought a meat ration for 60 gold pieces
 43157 | Vaults:4 | Bought a bread ration for 60 gold pieces
 43157 | Vaults:4 | Bought a meat ration for 60 gold pieces
 43157 | Vaults:4 | Bought a meat ration for 60 gold pieces
 43157 | Vaults:4 | Bought a bread ration for 60 gold pieces
 43157 | Vaults:4 | Bought a meat ration for 60 gold pieces
 43157 | Vaults:4 | Bought a meat ration for 60 gold pieces
 43492 | Vaults:5 | Entered Level 5 of the Vaults
 43508 | Vaults:5 | Received a gift from Trog
 43524 | Vaults:5 | Reached skill level 22 in Short Blades
 44195 | Vaults:5 | Reached skill level 23 in Short Blades
 44514 | Vaults:5 | Received a gift from Trog
 45296 | Vaults:5 | Got a brightly glowing silver amulet
 45298 | Vaults:5 | Identified the amulet "Gafaubucs" {Faith *Drain *Confuse rF+ MR+++} (You found it on level 5 of the Vaults)
 45601 | Vaults:5 | Got a fine ruby amulet
 45603 | Vaults:5 | Identified the amulet of Eternity {Spirit rElec rC++ Int+2 Dex-3} (You found it on level 5 of the Vaults)
 45620 | Vaults:5 | Identified Theurgy, Part Four
 45694 | Vaults:5 | Reached skill level 24 in Short Blades
 45715 | Vaults:5 | Received a gift from Trog
 45897 | Vaults:5 | Reached XP level 22. HP: 181/201 MP: 19/28
 45929 | Vaults:5 | Got a silver rune of Zot
 45946 | Vaults:5 | Reached skill level 15 in Dodging
 46008 | Vaults:5 | Noticed Mennas
 46032 | Vaults:5 | Killed Mennas
 46132 | Vaults:5 | Received a gift from Trog
 46908 | Vaults:2 | Bought a scroll of enchant weapon for 135 gold pieces
 47352 | Temple   | Entered the Ecumenical Temple
 47408 | Temple   | Fell from the grace of Trog
 47408 | Temple   | Became a worshipper of the Shining One
 47852 | Crypt:1  | Entered Level 1 of the Crypt
 47899 | Crypt:1  | Reached * piety under the Shining One
 48073 | Crypt:1  | Reached ** piety under the Shining One
 48116 | Crypt:1  | Reached skill level 25 in Short Blades
 48515 | Crypt:2  | Reached *** piety under the Shining One
 48713 | Crypt:2  | Reached **** piety under the Shining One
 49121 | Crypt:2  | Reached ***** piety under the Shining One
 49194 | Crypt:3  | Entered Level 3 of the Crypt
 49441 | Crypt:3  | Noticed Jorgrun
 49453 | Crypt:3  | Killed Jorgrun
 49749 | Crypt:3  | Reached ****** piety under the Shining One
 50278 | Crypt:3  | Cast into the Abyss (hell knight)
 50368 | Abyss:1  | Found a corrupted altar of Lugonu.
 50596 | Abyss:1  | Identified a +9 quick blade of holy wrath (a +9 vampiric quick blade blessed by the Shining One)
 50596 | Abyss:1  | Received a gift from the Shining One
 50626 | Abyss:1  | Reached XP level 23. HP: 209/209 MP: 29/29
 50684 | Abyss:1  | Paralysed by accursed screaming for 1 turns
 50823 | Abyss:1  | Reached skill level 26 in Short Blades
 51047 | Abyss:1  | Found a corrupted altar of Lugonu.
 51238 | Abyss:1  | Found a corrupted altar of Lugonu.
 51465 | Abyss:2  | Found a corrupted altar of Lugonu.
 51806 | Abyss:2  | Found a sparkling altar of Nemelex Xobeh.
 51818 | Abyss:2  | Found a sparkling altar of Nemelex Xobeh.
 52514 | Abyss:2  | Gained mutation: [You are weak. (Str -2)] [a neqoxec]
 53030 | Abyss:3  | Paralysed by you for 6 turns
 53038 | Abyss:3  | Reached skill level 27 in Short Blades
 53345 | Abyss:3  | Mangled by a stone giant

Action                   |  1- 3 |  4- 6 |  7- 9 | 10-12 | 13-15 | 16-18 | 19-21 | 22-24 || total
-------------------------+-------+-------+-------+-------+-------+-------+-------+-------++-------
Melee: Short sword       |    95 |       |       |   256 |       |       |       |       ||   351
       Dagger            |     6 |   104 |   400 |   482 |       |       |       |       ||   992
       Rapier            |       |       |       |    86 |  1170 |       |       |       ||  1256
       Quick blade       |       |       |       |       |   615 |   944 |  2809 |   306 ||  4674
       Double sword      |       |       |       |       |       |   220 |    27 |       ||   247
       Eudemon blade     |       |       |       |       |       |       |       |  1362 ||  1362
 Fire: Longbow           |       |       |       |       |    51 |       |       |       ||    51
Invok: Berserk           |     1 |     3 |     3 |    10 |     4 |     3 |    12 |       ||    36
       Trog's Hand       |     1 |     1 |     2 |     9 |     7 |     4 |    13 |     1 ||    38
       Burn Spellbooks   |       |       |     1 |     2 |     1 |     1 |     3 |     1 ||     9
       Brothers in Arms  |       |       |       |     2 |     3 |     2 |     5 |     1 ||    13
       Brand Weapon With |       |       |       |       |       |       |       |     1 ||     1
 Abil: Evoke Invisibilit |       |       |       |       |       |     1 |     1 |       ||     2
Evoke: Wand              |       |       |       |     6 |       |     2 |     4 |       ||    12
  Use: Scroll            |     3 |       |     8 |    19 |    11 |     7 |    14 |     9 ||    71
       Potion            |       |       |       |     2 |     4 |     5 |     3 |     5 ||    19
 Stab: Sleeping          |       |       |       |     1 |    43 |    57 |    31 |       ||   132
       Distracted        |       |       |       |       |     5 |     5 |    10 |     4 ||    24
       Invisible         |       |       |       |       |       |     1 |       |       ||     1
       Petrifying        |       |       |       |       |       |       |     1 |       ||     1
       Paralysed         |       |       |       |       |       |       |       |     1 ||     1
  Eat: Chunk             |     2 |     6 |     8 |     4 |    10 |     5 |     8 |     5 ||    48
       Bread ration      |       |       |     2 |     2 |     7 |     3 |     3 |     6 ||    23
       Meat ration       |       |       |       |     5 |     4 |     2 |     4 |     1 ||    16
       Pizza             |       |       |       |     1 |     2 |     3 |     2 |       ||     8
       Fruit             |       |       |       |       |     3 |     4 |     7 |       ||    14
       Beef jerky        |       |       |       |       |       |       |     3 |       ||     3
